 Dungeon Crawl Stone Soup version 0.24.1 (webtiles) character file.

Game seed: 15333936668921141153, levelgen mode: deterministic

513 wmario the Chopper (level 7, -11/61 HPs)
             Began as a Minotaur Fighter on Mar 28, 2020.
             Was a Follower of Makhleb.
             Mangled by an ogre
             ... wielding a +0 giant club
              (23 damage)
             ... on level 4 of the Dungeon.
             The game lasted 00:20:16 (3477 turns).

wmario the Chopper (Minotaur Fighter)               Turns: 3477, Time: 00:20:16

Health: -11/61     AC:  6    Str: 23    XL:     7   Next: 0%
Magic:  6/6        EV:  8    Int:  5    God:    Makhleb [*.....]
Gold:   180        SH: 10    Dex:  9    Spells: 6/6 levels left

rFire    . . .     SeeInvis .   t - -2 falchion (curse)
rCold    + . .     Gourm    .   c - +0 shield
rNeg     . . .     Faith    .   g - +0 ring mail {rC+}
rPois    .         Spirit   .   (helmet restricted)
rElec    .         Reflect  .   (no cloak)
rCorr    .         Harm     .   (no gloves)
MR       .....                  (no boots)
Stlth    ..........             (no amulet)
HPRegen  0.20/turn              (no ring)
MPRegen  0.10/turn              (no ring)

@: no status effects
A: retaliatory headbutt, horns 2
a: Renounce Religion


You were on level 4 of the Dungeon.
You worshipped Makhleb.
Makhleb was aware of your devotion.
You were not hungry.

You visited 1 branch of the dungeon, and saw 4 of its levels.

You collected 180 gold pieces.

Inventory:

Hand Weapons
 a - a +0 war axe
 o - a +0 whip of flaming
 t - a cursed -2 falchion (weapon)
Missiles
 j - 148 stones (quivered)
 p - 10 poisoned darts
Armour
 b - a +0 scale mail
 c - a +0 shield (worn)
 g - a +0 ring mail of cold resistance (worn)
Jewellery
 l - an uncursed ring of poison resistance {unknown}
Wands
 r - a wand of flame (14)
 s - a wand of iceblast (3)
Scrolls
 h - 4 scrolls of amnesia
 k - 2 scrolls of remove curse {unknown}
 n - 2 scrolls of enchant weapon {unknown}
 q - a scroll of identify {unknown}
Potions
 d - a potion of might
 e - a potion of heal wounds
 m - a potion of curing
Comestibles
 f - 7 rations
 i - 8 chunks of flesh


   Skills:
 + Level 5.3 Fighting
 * Level 6.1 Axes
 + Level 5.3 Armour
 + Level 5.2 Shields


You had 6 spell levels left.
You didn't know any spells.
Your spell library was empty.

Dungeon Overview and Level Annotations

Branches:
Dungeon (4/15)
 Temple: D:4-7

Altars:
Gozag
Kikubaaqudgha
Makhleb
Ru
Wu Jian

Annotations:
D:4 3 runed translucent doors, Curus's ghost, novice TrMo; jaiteiro's ghost, amateur GnEE; sneaky's ghost, novice GnSk


Innate Abilities, Weirdness & Mutations

You reflexively headbutt those who attack you in melee.
You have a pair of horns on your head.


Message History

You slash the ogre!
The ogre is almost dead.
You block the ogre's attack.
You hit the ogre.
The ogre is almost dead.
The ogre hits you with a +0 giant club!!
* * * LOW HITPOINT WARNING * * *
You hit the ogre.
The ogre is almost dead.
Curus's ghost says, "I break bones and crack skulls... with my bare hands."
The ogre hits you with a +0 giant club!
* * * LOW HITPOINT WARNING * * *
You barely miss the ogre. Your headbutt misses the ogre.
The ogre is almost dead.
Sneaky's ghost says, "If you think I look tough now, just wait!"
You block the ogre's attack.
You barely miss the ogre.
The ogre is almost dead.
The ogre hits you with a +0 giant club!!
You die...

.#........# ## ...#.#.##<###
#.######. ............##
#.......# ..##....###..#
########. )######## ##.## ## )#
#..# # .# ##.## .# ###..#### .#
#=...O@.# .#### ###+++###########
....# ♣..?WWW.♣#...<..# ####
..#.######⌠.......⌠#.####.# #...
......^..#♣.......♣#.# #.####.##
.......###(.......)#.####.##.#.##
....##...##8...%.8##.##.....#....
....########.)8$?###.##.#.##.#.##
....# #.##.#.####.#.


You could see an ogre, Curus's ghost, jaiteiro's ghost and sneaky's ghost.

Vanquished Creatures
  2 ogres (D:4)
  A hound (D:2)
  An orc wizard (D:4)
  An iguana (D:4)
  3 worker ants
  4 gnolls (D:2)
  6 adders
  An ooze (D:3)
  3 worms
  2 dart slugs
  5 leopard geckos
  5 orcs
  6 bats
  10 goblins
  8 hobgoblins
  A quokka (D:3)
  2 ball pythons
  6 frilled lizards
  5 kobolds
  7 rats
79 creatures vanquished.

Notes
Turn   | Place    | Note
-------+----------+-------------------------------------------
     0 | D:1      | wmario the Minotaur Fighter began the quest for the Orb.
     0 | D:1      | Reached XP level 1. HP: 19/19 MP: 0/0
   110 | D:1      | Reached XP level 2. HP: 21/27 MP: 1/1
   310 | D:1      | Reached skill level 3 in Axes
   608 | D:2      | Reached XP level 3. HP: 7/33 MP: 2/2
   616 | D:2      | Reached XP level 4. HP: 9/40 MP: 3/3
   900 | D:2      | Reached skill level 4 in Axes
   919 | D:2      | Found a burning altar of Makhleb.
   983 | D:2      | Found an ornate altar of the Wu Jian Council.
  1034 | D:2      | Became a worshipper of Makhleb the Destroyer
  1578 | D:2      | Reached XP level 5. HP: 47/47 MP: 4/4
  1645 | D:2      | Found an ancient bone altar of Kikubaaqudgha.
  1918 | D:3      | Reached * piety under Makhleb
  2148 | D:3      | Found an opulent altar of Gozag.
  2859 | D:4      | Found a sacrificial altar of Ru.
  2876 | D:4      | Reached skill level 5 in Axes
  3004 | D:4      | Reached XP level 6. HP: 53/55 MP: 5/5
  3148 | D:4      | Reached skill level 5 in Fighting
  3148 | D:4      | Reached skill level 5 in Armour
  3148 | D:4      | Reached skill level 5 in Shields
  3441 | D:4      | Reached skill level 6 in Axes
  3441 | D:4      | Reached XP level 7. HP: 10/61 MP: 6/6
  3460 | D:4      | Found a runed translucent gate.
  3460 | D:4      | Found a runed translucent gate.
  3462 | D:4      | Found a runed translucent gate.
  3464 | D:4      | Noticed sneaky's ghost (novice GnSk)
  3464 | D:4      | Noticed jaiteiro's ghost (amateur GnEE)
  3464 | D:4      | Noticed Curus's ghost (novice TrMo)
  3477 | D:4      | Mangled by an ogre

Levels and vault maps discovered:
D:1:      saegor_arrival_simple_e, layout_rooms
D:2:      layout_loops_cross, lemuel_zombie_altar_kikubaaqudgha,
          lemuel_round_altar, makhleb_blood_cavern_becter
D:3:      layout_loops_ring, lemuel_round_altar, minivault_26
D:4:      layout_loops_corners, nicolae_ru_great_annihilating_truth,
          serial_glass, glass_columns_a, glass_columns_a,
          gammafunk_ghost_cemetery, serial_shops, kennysheep_mini_moat,
          uniq_edmund, uniq_crazy_yiuf_cottage, uniq_eustachio

Skill      XL: |  1  2  3  4  5  6 |
---------------+-------------------+-----
Axes           | 3 4 5 6 |  6.1
Fighting       | 4 5 |  5.3
Armour         | 4 5 |  5.3
Shields        | 4 5 |  5.2

Action                   |  1- 3 |  4- 6 |  7- 9 || total
-------------------------+-------+-------+-------++-------
Melee: War axe           |    40 |    61 |       ||   101
       Headbutt          |     4 |    30 |     1 ||    35
       Whip              |       |    52 |       ||    52
       Falchion          |       |    61 |     9 ||    70
  Use: Scroll            |     1 |       |       ||     1
       Potion            |     1 |     2 |     1 ||     4
 Stab: Paralysed         |       |     2 |       ||     2
  Eat: Chunk             |       |     7 |       ||     7
       Ration            |       |     1 |       ||     1
Armor: Scale mail        |    11 |    17 |       ||    28
       Ring mail         |       |    16 |       ||    16
Dodge: Dodged            |    14 |    42 |     3 ||    59
Block: Shield            |    14 |    75 |     4 ||    93
       Rpst.: Falchion   |       |     7 |     2 ||     9
